 Dungeon Crawl Stone Soup version 0.18-a0-125-g4c9da24 (webtiles) character file.

138 patman the Cudgeler (level 5, -1/41 HPs)
             Began as a Mummy Berserker on Nov 21, 2015.
             Was a Priest of Trog.
             Slain by a gnoll (3 damage)
             ... on level 3 of the Dungeon.
             The game lasted 00:03:52 (2407 turns).

patman the Cudgeler (Mummy Berserker)               Turns: 2407, Time: 00:03:53

Health: -1/41      AC:  8    Str: 20    XL:     5   Next: 1%
Magic:  5/5        EV:  8    Int:  7    God:    Trog [***...]
Gold:   116        SH:  0    Dex: 12    Spells: 0 memorised, 4 levels left

rFire  x . .     SeeInvis .     n - +0 flail
rCold  + + .     Clarity  .     f - +0 chain mail
rNeg   + + +     SustAt   .     (no shield)
rPois  ∞         Gourm    .     (no helmet)
rElec  .         Spirit   .     (no cloak)
rCorr  .         Warding  .     (no gloves)
rMut   .         Stasis   .     (no boots)
MR     .....                    (no amulet)
Stlth  ..........               (no ring)
                                e - ring of protection from cold

@: not resistant to hostile enchantments, extremely unstealthy
A: no food or potions, fire vulnerability, cold resistance 1, negative energy
resistance 3, torment resistance, unbreathing
a: Trog's Hand, Burn Spellbooks, Renounce Religion


You were on level 3 of the Dungeon.
You worshipped Trog.
Trog was most pleased with you.
You were not hungry.

You visited 1 branch of the dungeon, and saw 3 of its levels.

You collected 116 gold pieces.

Inventory:

Hand Weapons
 a - a +0 mace
 k - a +2 antimagic dagger
 n - a +0 flail (weapon)
Missiles
 c - 179 stones (quivered)
 h - 6 curare-tipped needles
Armour
 f - a +0 chain mail (worn)
Jewellery
 e - a ring of protection from cold (left hand)
Scrolls
 b - 5 scrolls of enchant armour {unknown}
 d - a scroll of teleportation {unknown}
 g - a scroll of enchant weapon {unknown}
 i - a scroll of identify {unknown}
 j - a scroll of remove curse {unknown}
 l - a scroll of fog {unknown}
 m - a scroll of magic mapping {unknown}


   Skills:
 - Level 3.0 Fighting
 * Level 4.7 Maces & Flails
 - Level 1.5 Armour
 - Level 1.5 Dodging


You had 4 spell levels left.
You didn't know any spells.

Dungeon Overview and Level Annotations

Branches:
Dungeon (3/15)

Altars:


Innate Abilities, Weirdness & Mutations

You do not eat or drink.
Your flesh is vulnerable to fire.
You are immune to poison.
Your flesh is cold resistant.
You are immune to negative energy.
You are immune to unholy pain and torment.
You can survive without breathing.


Message History

The gnoll is severely wounded.
The gnoll hits you but does no damage.
You hit the gnoll but do no damage.
The gnoll is severely wounded.
The gnoll hits you but does no damage.
Your chain mail prevents you from hitting the gnoll.
The gnoll is severely wounded.
The gnoll hits you.
* * * LOW HITPOINT WARNING * * *
You hit the gnoll.
The gnoll is almost dead.
The gnoll closely misses you.
You hit the gnoll but do no damage.
The gnoll is almost dead.
The gnoll hits you.
* * * LOW HITPOINT WARNING * * *
You closely miss the gnoll.
The gnoll is almost dead.
The gnoll hits you.
You die...

###.##.......#...#.......
#####.#......#......#......
#........##.##.............
#........####..............
#
#..).....##...#....#....÷..
####
#.........#.#......###.....
...#
#.....###.#.....#.###..#...
.g.####....## #.g...#####
#.##.#. ...g...>...#
##@#..# ###.##...
....<<.....# #....#
###...###.#
...........#####....#
#...### #.#
###.........#.......# #.###
#.# #
#................####.# #.#
###.####..............# #..
##.####.....#..####### ##.
#..#.......#...# #.
#.........#...## #.


You could see a gnoll.

Vanquished Creatures
  3 adders
  4 gnolls
  4 worms
  An orc (D:3)
  2 ball pythons
  9 bats
  11 goblins
  6 hobgoblins
  5 jackals (D:2)
  5 kobolds
  4 giant cockroaches
  3 giant newts
  3 rats
60 creatures vanquished.

Notes
Turn   | Place    | Note
--------------------------------------------------------------
     0 | D:1      | patman the Mummy Berserker began the quest for the Orb.
     0 | D:1      | Reached XP level 1. HP: 18/18 MP: 1/1
   282 | D:1      | Reached XP level 2. HP: 21/24 MP: 2/2
   930 | D:2      | Reached ** piety under Trog
  1054 | D:2      | Reached XP level 3. HP: 16/29 MP: 3/3
  1352 | D:2      | Reached skill level 4 in Maces & Flails
  1725 | D:2      | Reached XP level 4. HP: 31/35 MP: 4/4
  2286 | D:3      | Reached *** piety under Trog
  2340 | D:3      | Reached XP level 5. HP: 31/41 MP: 5/5
  2406 | D:3      | HP: 2/41 [gnoll (2)]
  2407 | D:3      | Slain by a gnoll

Vault maps used:
D:1:      sevenhm_arrival_forest_fort_large_2, solitary_fountain,
          minmay_misc_feat_chi
D:2:      grunt_ministairs_6

Action                   |  1- 3 |  4- 6 || total
-------------------------+-------+-------++-------
Melee: Mace              |   145 |     4 ||   149
       Flail             |       |    83 ||    83
